 Dungeon Crawl Stone Soup version 0.30-a0-358-g0d69a1922f (webtiles) character file.

Game seed: 316128484372038927

2640954 MrRokkomies the Slayer (level 26, 208/208 (220) HPs)
             Began as an Armataur Gladiator on Nov 7, 2022.
             Was an Initiate of Yredelemnul.
             Escaped with the Orb
             ... and 4 runes on Nov 9, 2022!
             The game lasted 03:43:24 (57160 turns).

MrRokkomies the Slayer (Armataur Gladiator)        Turns: 57160, Time: 03:43:25

HP:   208/208 (220) AC: 28    Str: 39    XL:     26   Next: 74%
MP:   37/37         EV: 11    Int: 12    God:    Yredelemnul [......]
Gold: 4625          SH: 28    Dex: 11    Spells: 39/45 levels left

rFire   + . .      SeeInvis .    a - +9 demon whip (elec)
rCold   x . .      Faith    .    d - +8 tower shield
rNeg    . . .      Spirit   +    Z - +5 ring mail "Hinulir" {rElec rC- Str+6 Slay+5}
rPois   +          Reflect  .    (no helmet)
rElec   +          Harm     .    h - +2 cloak {rPois}
rCorr   +          Roll     +    s - +0 pair of gloves of the Hills {Str+4 Dex+4}
Will    ++++.                    J - +3 barding of Muttered Phrases {+Blink Regen+}
Stlth   ++........               v - amulet "Faunn" {Spirit +Inv Will+++ rCorr Dex-4}
HPRegen 2.14/turn                B - +4 ring of slaying
MPRegen 0.25/turn                U - ring of protection from fire

@: studying 3 skills, drained
A: large, rugged brown scales 3, deformed body, armoured tail, roll, long
tongue, awkward tongue, claws 1, frail 2, regeneration 1
0: Orb of Zot
}: 4/15 runes: decaying, slimy, silver, gossamer
a: Renounce Religion, Evoke Blink, Evoke Invisibility, Recall Undead Harvest


You escaped.
You worshipped Yredelemnul.
Yredelemnul was most pleased with you.
You visited 12 branches of the dungeon, and saw 56 of its levels.
You visited the Abyss 3 times.
You visited 1 bazaar.
You also visited: Gauntlet.

You collected 8331 gold pieces.
You spent 3706 gold pieces at shops.

Inventory:

Hand Weapons
 a - a +9 demon whip of electrocution (weapon)
 b - the +3 Elemental Staff {rElec rF++ rC++ AC+5}
   (You found it on level 1 of the Spider Nest)

   If the wielder is skilled in Evocations, they can discharge powerful blasts
   of elemental energy when striking with it.
   It enhances your fire, ice, earth and air magic.
   AC:        It affects your AC (+5).
   rF:        It greatly protects you from fire.
   rC:        It greatly protects you from cold.
   rElec:     It insulates you from electricity.
Missiles
 e - 13 javelins
 g - 63 poisoned darts (quivered)
 p - a throwing net
 M - 12 silver javelins
Armour
 d - a +8 tower shield (worn)
 h - a +2 cloak of poison resistance (worn)
 s - the +0 pair of gloves of the Hills (worn) {Str+4 Dex+4}
   (You acquired it on level 3 of the Elven Halls)

   Str:       It affects your strength (+4).
   Dex:       It affects your dexterity (+4).
 F - the +6 storm dragon scales of Life {rElec rPois Str+4 Dex-5}
   (You found it on level 5 of the Vaults)

   Str:       It affects your strength (+4).
   Dex:       It affects your dexterity (-5).
   rElec:     It insulates you from electricity.
   rPois:     It protects you from poison.
 J - the +3 barding of Muttered Phrases (worn) {+Blink Regen+}
   (You acquired it on level 2 of the Lair of Beasts)

   +Blink:    It lets you blink.
   Regen:     It increases your rate of health regeneration.
 Z - the +5 ring mail "Hinulir" (worn) {rElec rC- Str+6 Slay+5}
   (You found it on level 13 of the Dungeon)

   Str:       It affects your strength (+6).
   Slay:      It affects your accuracy & damage with ranged weapons and melee
   (+5).
   rC:        It makes you vulnerable to cold.
   rElec:     It insulates you from electricity.
Jewellery
 i - the ring of Divine Intervention {rC+ rN+ Dex+3}
   (You bought it in a shop on level 1 of the Depths)

   [ring of positive energy]

   Dex:       It affects your dexterity (+3).
   rC:        It protects you from cold.
   rN:        It protects you from negative energy.
 k - the ring "Luapnip" {Fly rPois rN++ Str+4 Dex+4}
   (You acquired it on level 2 of the Crypt)

   [ring of poison resistance]

   Str:       It affects your strength (+4).
   Dex:       It affects your dexterity (+4).
   rPois:     It protects you from poison.
   rN:        It greatly protects you from negative energy.
   Fly:       It grants you flight.
 o - the amulet of Liberty {rC+ Regen+ Dex+5}
   (You acquired it on level 2 of the Dungeon)

   [amulet of regeneration]

   Dex:       It affects your dexterity (+5).
   rC:        It protects you from cold.
   Regen:     It increases your rate of health regeneration.
 v - the amulet "Faunn" (around neck) {Spirit +Inv Will+++ rCorr Dex-4}
   (You found it on level 3 of the Crypt)

   [amulet of guardian spirit]

   It causes incoming damage to be divided between your reserves of health and
   magic.
   Dex:       It affects your dexterity (-4).
   +Inv:      It lets you turn invisible.
   rCorr:     It protects you from acid and corrosion.
   Will:      It greatly increases your willpower.
 B - a +4 ring of slaying (left hand)
 E - the ring of Mutualism {rC+ Will+ Int+8 Stlth-}
   (You took it off a deep elf blademaster on level 3 of the Elven Halls)

   [ring of willpower]

   Int:       It affects your intelligence (+8).
   rC:        It protects you from cold.
   Will:      It increases your willpower.
   Stlth:     It makes you less stealthy.
 N - a ring of see invisible
 U - a ring of protection from fire (right hand)
 V - a +4 ring of evasion
 W - a +4 ring of slaying
Wands
 z - a wand of acid (39)
 C - a wand of paralysis (12)
 G - a wand of digging (12)
 L - a wand of roots (27)
 Q - a wand of flame (46)
 S - a wand of mindburst (34)
Scrolls
 q - 17 scrolls of teleportation
 r - 5 scrolls of immolation
 t - 6 scrolls of silence
 u - 4 scrolls of magic mapping
 w - 10 scrolls of poison
 x - 14 scrolls of amnesia
 y - 2 scrolls of brand weapon
 K - 5 scrolls of blinking
 R - a scroll of enchant armour
 X - 9 scrolls of fear
Potions
 c - a potion of heal wounds
 f - 3 potions of haste
 j - 14 potions of brilliance
 l - 11 potions of magic
 m - 18 potions of curing
 n - 5 potions of resistance
 D - 7 potions of invisibility
 H - 5 potions of ambrosia
 I - 6 potions of berserk rage
 O - 9 potions of mutation
 P - 2 potions of might
 Y - 4 potions of flight
Miscellaneous
 A - a phantom mirror
 T - a condenser vane


   Skills:
 + Level 23.8 Fighting
 - Level 11.8(13.1) Maces & Flails
 - Level 9.4(12.0) Staves
 - Level 1.7 Throwing
 * Level 13.5 Armour
 * Level 14.5 Dodging
 - Level 19.0 Stealth
 - Level 20.0 Shields
 - Level 10.0 Spellcasting
 - Level 5.1 Conjurations
 - Level 6.0 Translocations
 - Level 8.7 Transmutations
 + Level 18.1 Invocations
 - Level 15.0 Evocations


You had 39 spell levels left.
You knew the following spells:

 Your Spells              Type           Power      Damage    Failure   Level
a - Wereblood             Tmut           27%        N/A       1%          2
b - Poisonous Vapours     Pois/Air       12%        N/A       36%         2
c - Momentum Strike       Conj/Tloc      38%        3d9       3%          2

Your spell library contained the following spells:

 Spells                   Type           Power      Damage    Failure   Level
 Apportation              Tloc           40%        N/A       1%          1
 Magic Dart               Conj           72%        1d6       3%          1
 Blink                    Tloc           40%        N/A       3%          2
 Passwall                 Tmut/Erth      13%        N/A       6%          2
 Gell's Gravitas          Tloc           20%        N/A       6%          3
 Lesser Beckoning         Tloc           40%        N/A       6%          3
 Teleport Other           Tloc           20%        N/A       6%          3
 Static Discharge         Conj/Air       24%        2-3/arc   13%         2
 Spider Form              Tmut/Pois      16%        N/A       13%         3
 Blade Hands              Tmut           13%        N/A       19%         5
 Passage of Golubria      Tloc           20%        N/A       21%         4
 Ignite Poison            Fire/Tmut/Pois 13%        N/A       22%         3
 Portal Projectile        Hex/Tloc       26%        N/A       22%         3
 Vhi's Electric Charge    Tloc/Air       26%        N/A       22%         3
 Necrotise                Necr           24%        1d5       26%         1
 Summon Small Mammal      Summ           24%        N/A       26%         1
 Dazzling Flash           Conj/Hex       24%        N/A       26%         3
 Stone Arrow              Conj/Erth      24%        3d8       26%         3
 Iskenderun's Mystic Bla  Conj/Tloc      19%        2d6       26%         4
 Kindle Blastsparks       Fire/Tloc/Air  20%        2d11      32%         3
 Call Imp                 Summ           6%         N/A       36%         2
 Cigotuvi's Dreadful Rot  Necr/Pois/Air  12%        N/A       36%         2
 Ensorcelled Hibernation  Hex/Ice        12%        N/A       36%         2
 Sublimation of Blood     Necr           6%         N/A       36%         2
 Mephitic Cloud           Conj/Pois/Air  10%        N/A       36%         3
 Petrify                  Tmut/Erth      16%        N/A       38%         4
 Irradiate                Conj/Tmut      11%        3d15      38%         5
 Call Canine Familiar     Summ           6%         N/A       58%         3
 Inner Flame              Hex/Fire       6%         N/A       58%         3
 Summon Guardian Golem    Hex/Summ       6%         N/A       58%         3
 Swiftness                Air            6%         N/A       58%         3
 Tukima's Dance           Hex            6%         N/A       58%         3
 Vampiric Draining        Necr           6%         2d6       58%         3
 Iskenderun's Battlesphe  Conj           18%        2d7       63%         5
 Fulminant Prism          Conj/Hex       6%         3d6       65%         4
 Sticky Flame             Conj/Fire      12%        2d4       65%         4
 Alistair's Intoxication  Tmut/Pois      10%        N/A       75%         5
 Anguish                  Hex/Necr       3%         N/A       94%         4
 Animate Armour           Summ/Erth      12%        N/A       94%         4
 Cause Fear               Hex            3%         N/A       94%         4
 Leda's Liquefaction      Hex/Erth       3%         N/A       94%         4
 Summon Lightning Spire   Summ/Air       6%         N/A       94%         4
 Arcjolt                  Conj/Air       6%         1d16      94%         5
 Fireball                 Conj/Fire      6%         3d5       94%         5
 Lightning Bolt           Conj/Air       6%         1d18      94%         5
 Dispersal                Tloc           10%        N/A       97%         6
 Freezing Cloud           Conj/Ice/Air   5%         6-21      98%         5
 Dragon Form              Tmut           13%        N/A       99%         7
 Agony                    Necr           6%         N/A       100%        5
 Borgnjor's Vile Clutch   Necr/Erth      3%         N/A       100%        5
 Lee's Rapid Deconstruct  Erth           3%         3d5*      100%        5
 Metabolic Englaciation   Hex/Ice        3%         N/A       100%        5
 Silence                  Hex/Air        3%         N/A       100%        5
 Conjure Ball Lightning   Conj/Air       6%         3x3d6     100%        6
 Eringya's Noxious Bog    Tmut/Pois      8%         N/A       100%        6
 Iron Shot                Conj/Erth      6%         9d2       100%        6
 Statue Form              Tmut/Erth      10%        N/A       100%        6
 Haunt                    Necr/Summ      3%         N/A       100%        7
 Malign Gateway           Summ/Tloc      6%         N/A       100%        7
 Orb of Destruction       Conj           9%         9d6       100%        7
 Storm Form               Tmut/Air       8%         N/A       100%        7
 Summon Hydra             Summ           3%         N/A       100%        7
 Borgnjor's Revivificati  Necr           3%         N/A       100%        8
 Discord                  Hex            3%         N/A       100%        8
 Ignition                 Fire           3%         3d4       100%        8
 Infestation              Necr           3%         N/A       100%        8
 Lehudib's Crystal Spear  Conj/Erth      6%         10d3      100%        8
 Maxwell's Capacitive Co  Air            3%         ∞         100%        8
 Necromutation            Tmut/Necr      8%         N/A       100%        8
 Chain Lightning          Conj/Air       6%         3d8       100%        9
 Death's Door             Necr           3%         N/A       100%        9
 Fire Storm               Conj/Fire      6%         8d2       100%        9


Dungeon Overview and Level Annotations

Branches:
Dungeon (15/15)            Temple (1/1) D:4            Lair (5/5) D:11
  Swamp (4/4) Lair:3       Spider (4/4) Lair:2        Slime (5/5) Lair:4
    Orc (2/2) D:12            Elf (3/3) Orc:2        Vaults (5/5) D:13
  Crypt (3/3) Vaults:2       Tomb (0/3) Crypt:3      Depths (4/4) D:15
    Zot (5/5) Depths:4    Gauntlet (visited)

Altars:
Ashenzari
Cheibriados
Dithmenos
Elyvilon
Fedhas
Gozag
Hepliaklqana
Kikubaaqudgha
Makhleb
Nemelex Xobeh
Okawaru
Qazlal
Ru
Sif Muna
Trog
Uskayaw
Vehumet
Wu Jian
Xom
Yredelemnul
Zin
The Shining One

Shops:
D:3 ?([   D:4 ?   Orc:2 !(*:   Vaults:2 [!   Vaults:3 *   Depths:1 =
Depths:2 ::=   Depths:3 *

Portals:
Hell: Depths:1 Depths:2 Depths:4
Abyss: Depths:3
Pandemonium: Depths:2
Ziggurat: Depths:4
Trove: D:13 (show abyssal rune of Zot)

Annotations:
Lair:4 2 transporters, Buttudaq's ghost, journeyman DgTm
Spider:1 1 runed translucent door, Snarbu88's ghost, journeyman MiFi
Crypt:2 3 runed translucent doors, Caitwiop's ghost, veteran GrFi
Depths:1 3 runed translucent doors, Imefrou's ghost, journeyman MiFi; Leaxtu's ghost, adept DsGl
Zot:1 1 transporter
Zot:3 1 runed translucent door, Gag Voupn's ghost, legendary FoFi


Innate Abilities, Weirdness & Mutations

You are completely covered in rugged brown scales. (AC +3, +7% HP)
Armour fits poorly on your strangely shaped body.
You have a long armoured tail.
You roll when moving toward enemies. (Rampage)
Your long tongue fully drains potion bottles. (2x potion effects)
Your tongue gives you trouble enunciating. (1.5x scroll delay)
You have sharp fingernails.
You are very frail. (-20% HP)
Your natural rate of healing is unusually fast.


Message History

Where to? (Enter - D:7, ? - help)
There is a stone staircase leading up here.
You climb upwards.
There is a stone staircase leading down here.
There is a stone staircase leading up here.
You climb upwards.
There is a stone staircase leading down here.
(D) Dungeon (T) Temple (L) Lair (S) Swamp (N) Spider Nest (M) Slime Pits (O) Orcish Mines (E) Elven Halls (V) Vaults (C) Crypt (W) Tomb (U) Depths (H) Hell (Z) Zot
Where to? (Enter - D:6, ? - help)
There is a stone staircase leading up here.
You climb upwards.
There is a stone staircase leading down here.
There is a stone staircase leading up here.
You climb upwards.
There is a stone staircase leading down here.
(D) Dungeon (T) Temple (L) Lair (S) Swamp (N) Spider Nest (M) Slime Pits (O) Orcish Mines (E) Elven Halls (V) Vaults (C) Crypt (W) Tomb (U) Depths (H) Hell (Z) Zot
Where to? (Enter - D:4, ? - help)
There is a stone staircase leading up, spattered with blood here.
You climb upwards.
There is a stone staircase leading down, spattered with blood here.
(D) Dungeon (T) Temple (L) Lair (S) Swamp (N) Spider Nest (M) Slime Pits (O) Orcish Mines (E) Elven Halls (V) Vaults (C) Crypt (W) Tomb (U) Depths (H) Hell (Z) Zot
Where to? (Enter - D:2, ? - help)
You see here a hobgoblin skeleton.
There is a stone staircase leading up here.
You climb upwards.
There is a stone staircase leading down here.
There is an open door here.
A soul eater comes into view.
You roll towards the soul eater!
There is a staircase leading out of the dungeon here.
You have escaped!

#.......................#
#.###.#.###############.#
#.# #.#.#.............#.#
#.# #...#.............#.#
#)# ###.#.......÷.....#.#
#.# #.#######÷#######.#
#.# #.#.....†.÷.....#.#
#†# #.+⌠....###....⌠+.#
#### #.#
#.#.....3@......#.# ##...
#.#
#.#..⌠...>...⌠..#.####.###
#.#
#.###+#######'###......# #
#.#
#.................###..###
#.#
###.#.#.#####..######.....
#.#
#.#...........##........
#.#
#.########.....#.####...
#.#
#.####.....#.#.........#
#.#
#...)..###.....#.##.....


You could see a soul eater.

Vanquished Creatures
  the Royal Jelly (Slime:5)
  2 dread liches
  2 ancient liches
  4 orbs of fire
  Mennas (Depths:3)
  Boris (twice) (Crypt:1 Vaults:5)
  A Killer Klown (Zot:5)
  Xtahua (Crypt:1)
  6 curse toes
  Margery (Crypt:1)
  7 golden dragons
  Nikola (Spider:4)
  2 profane servitors
  2 bone dragons
  Arachne (Spider:3)
  An electric golem (Zot:5)
  A Brimstone Fiend (Zot:5)
  Rupert (Lair:3)
  14 tentacled monstrosities
  A walking crystal tome (Depths:3)
  7 liches
  Jorgrun (D:15)
  A deep elf master archer (Elf:3)
  A shard shrike skeleton (Crypt:3)
  A quicksilver dragon (shapeshifter) (Depths:2)
  2 deep elf blademasters (Elf:3)
  Asterion (Depths:1)
  2 walking frostbound tomes
  6 quicksilver dragons
  A titan (Vaults:5)
  19 Orb Guardians
  2 Executioners
  21 acid blobs
  5 sphinxes
  7 ancient champions (Crypt:3)
  5 tentacled starspawn (Abyss:3)
  Gastronok (D:9)
  3 death cobs
  8 shadow dragons
  Agnes (D:15)
  4 tengu reavers
  11 storm dragons
  11 azure jellies
  2 draconian monks
  Donald (Swamp:4)
  6 frost giants
  6 fire giants
  9 rockslimes
  A draconian knight (Zot:4)
  2 iron dragons
  A caustic shrike zombie (Crypt:2)
  9 deep elf sorcerers
  The ghost of Adeche Beuh the Destroyer, a journeyman DrCj of Qazlal (Spider:4)
  6 emperor scorpions
  6 draconian scorchers
  A balrug (Abyss:3)
  22 vault wardens
  5 draconian shifters
  7 ghost moths
  3 war gargoyles
  3 deep elf elementalists (Elf:3)
  A reaper (Crypt:3)
  2 curse skulls (Crypt:3)
  3 broodmothers
  4 ghouls
  27 very ugly things
  14 ironbound preservers
  11 quicksilver oozes (Slime:5)
  A juggernaut skeleton (Abyss:3)
  2 spriggan defenders (Depths:2)
  14 stone giants
  7 draconian annihilators
  7 ironbound thunderhulks
  Nessos (Lair:4)
  6 deep elf demonologists
  5 vampire knights
  An eleionoma (Swamp:1)
  7 green draconians
  7 deep elf annihilators
  9 purple draconians
  9 dire elephants
  8 spark wasps
  3 black draconians (Zot:5)
  10 red draconians
  A minotaur (Gauntlet)
  8 white draconians
  Snorg (D:10)
  4 eidola
  2 bunyips
  Azrael (D:14)
  11 yellow draconians
  11 deep elf death magi
  2 spectral acid blobs (Slime:5)
  A blizzard demon (Depths:2)
  A shambling mangrove (Swamp:2)
  7 ettins
  8 deep elf high priests
  6 entropy weavers
  15 yaktaur captains
  Josephine (D:14)
  A crystal guardian (Vaults:4)
  5 jiangshi
  Fannar (D:11)
  10 great orbs of eyes
  4 fire dragons
  3 rakshasas
  12 hydras
  34 vault guards
  5 ice dragons
  A hell beast (Zot:2)
  2 peacekeepers (Vaults:4)
  2 catoblepae
  5 ogre magi
  A ghost crab (Swamp:2)
  4 centaur warriors
  A fenstrider witch skeleton (Crypt:1)
  2 spriggan air magi
  7 boulder beetles
  2 spriggan skeletons
  29 two-headed ogres
  3 ironbound frosthearts
  5 deep troll shamans
  4 deep troll earth magi
  7 alligators
  18 dancing weapons
  7 vampire magi
  5 thrashing horrors (Abyss:3)
  3 orc high priests
  A soul eater (Crypt:1)
  2 spriggan berserkers (Depths:3)
  5 hell knights
  2 sun demons
  A titan skeleton (Abyss:3)
  2 tengu warriors
  15 deep elf knights
  Sonja (Lair:2)
  8 wretched stars (Abyss:3)
  An iron giant zombie (Crypt:3)
  2 shadow wraiths (Crypt:3)
  Amaemon (Lair:2)
  A spriggan rider (Depths:3)
  A sixfirhy (Abyss:3)
  2 pharaoh ants
  A bunyip zombie (Crypt:1)
  An iron troll (Depths:4)
  2 spark wasp zombies (D:15)
  A fire crab (Gauntlet)
  56 deep trolls
  24 skeletal warriors
  A sun moth (Spider:3)
  5 goliath frogs
  2 shadow demons (Abyss:3)
  4 flayed ghosts
  5 steelbarb worms
  4 spriggan druids
  2 glowing orange brains
  5 bog bodies
  4 wizards
  A swamp dragon (shapeshifter) (Vaults:5)
  A death drake (Swamp:3)
  An iron giant skeleton (Crypt:3)
  7 deep elf archers
  21 starcursed masses (Abyss:3)
  4 orb spiders
  A fenstrider witch simulacrum (Crypt:1)
  An obsidian statue (Zot:5)
  3 harpies (Vaults:3)
  3 orc knights
  7 phantasmal warriors
  23 deep elf zephyrmancers
  14 lindwurms
  A golden dragon skeleton (Crypt:3)
  27 deep elf pyromancers
  15 ironbound convokers
  9 necromancers
  A human zombie (Vaults:4)
  2 shining eyes
  3 orc sorcerers
  8 wolf spiders
  A manticore (Lair:5)
  21 ugly things
  A jorogumo skeleton (Crypt:1)
  26 moths of wrath
  A shadow dragon skeleton (Crypt:1)
  4 will-o-the-wisps
  3 elephants (Lair:3)
  A toenail golem (D:11)
  A rust devil (Depths:2)
  A worldbinder (Abyss:3)
  A frost giant skeleton (D:15)
  6 cyclopes
  7 black mambas
  3 stone giant skeletons
  8 apocalypse crabs (Zot:2)
  16 vault sentinels
  A spectral slime creature (Slime:5)
  7 cane toads
  2 unseen horrors
  32 yaktaurs
  2 orange demons
  2 gargoyles
  5 torpor snails
  4 demonic crawlers
  A minotaur zombie (Crypt:1)
  3 rime drakes
  A rime drake (shapeshifter) (Elf:1)
  A grey draconian zombie (Crypt:3)
  3 komodo dragons
  A bunyip simulacrum (Crypt:3)
  An ice devil (Depths:2)
  A tormentor (Zot:5)
  2 efreet (Abyss:3)
  5 freezing wraiths
  5 tengu conjurers
  An orb spider zombie (Crypt:1)
  2 ancient zymes (Abyss:3)
  A harpy zombie (Crypt:1)
  An alligator snapping turtle skeleton (Crypt:3)
  4 guardian mummies (Crypt:3)
  An unseen horror skeleton (Crypt:2)
  A kobold demonologist (D:11)
  7 trolls
  A troll (shapeshifter) (D:14)
  5 meliai
  6 tyrant leeches
  A harpy skeleton (Crypt:3)
  7 hornets
  12 tarantellas
  15 raiju (Abyss:3)
  A satyr zombie (Crypt:3)
  45 slime creatures
  A death drake skeleton (Crypt:2)
  5 large abominations (Abyss:3)
  25 jumping spiders
  2 air elementals (Elf:3)
  6 spriggans
  2 shadows
  3 flying skulls (Crypt:3)
  2 ynoxinuls (Abyss:3)
  8 water elementals
  7 wraiths
  3 centaur simulacra
  21 yaks
  14 culicivoras
  A tyrant leech zombie (Crypt:3)
  3 wyverns
  6 fire elementals
  3 fire bats (Gauntlet)
  5 basilisks
  2 chaos spawn
  7 golden eyes
  2 steam dragons (D:5)
  2 neqoxecs (Abyss:3)
  3 swamp worm simulacra (Swamp:4)
  39 redbacks
  18 vampire mosquitoes
  A fire bat zombie (Crypt:2)
  4 wargs
  2 harpy simulacra
  An acid dragon (D:12)
  12 swamp worms
  11 small abominations (Abyss:3)
  3 hell hounds (D:14)
  7 hydra simulacra (Swamp:4)
  7 water moccasins
  A glowing shapeshifter skeleton (D:15)
  A merfolk skeleton (Crypt:2)
  A floating eye (shapeshifter) (Depths:1)
  A cane toad zombie (Crypt:2)
  A naga skeleton (Crypt:1)
  3 sky beasts
  4 black bears
  An ice beast (D:8)
  A swamp dragon zombie (Crypt:2)
  16 orc warriors
  8 centaurs
  10 wolves
  14 ogres
  2 kobold brigands
  A hog skeleton (Crypt:1)
  2 phantoms
  A salamander zombie (Crypt:1)
  10 bullfrogs
  4 necrophages
  2 earth elementals
  A komodo dragon skeleton (Crypt:1)
  3 scorpions
  A hornet simulacrum (Gauntlet)
  6 wights
  10 killer bees
  A howler monkey (D:6)
  3 electric eels
  A troll skeleton (Crypt:1)
  A crimson imp (Abyss:3)
  A bullfrog zombie (Crypt:3)
  A lava snake (D:15)
  10 hounds
  A quasit (Abyss:3)
  15 orc priests
  A human skeleton (Crypt:3)
  4 jellies
  13 orc wizards
  A gnoll bouda (D:7)
  3 iguanas
  2 lightning spires (Swamp:2)
  13 gnolls
  A swamp drake zombie (Crypt:2)
  3 adders
  A shadow imp (D:8)
  5 white imps
  An ufetubus (D:7)
  A swamp drake simulacrum (Swamp:4)
  3 dart slugs (D:1)
  A worm (D:1)
  71 orcs
  7 ball pythons
  9 bats
  5 endoplasms
  3 giant cockroaches
  8 goblins
  9 hobgoblins
  4 jackals
  5 quokkas
  3 frilled lizards
  5 kobolds
  A kobold zombie (Crypt:3)
  A quokka skeleton (Crypt:2)
  14 rats
  A starspawn tentacle (Abyss:3)
1868 creatures vanquished.

Vanquished Creatures (collateral kills)
  A dread lich (Zot:5)
  Mara (Swamp:4)
  2 electric golems
  4 tentacled monstrosities
  A walking crystal tome (Depths:3)
  A lich (Depths:3)
  4 Orb Guardians (Zot:5)
  A deep elf blademaster (Elf:1)
  A deep elf master archer (Elf:1)
  2 quicksilver dragons
  2 acid blobs (Slime:5)
  A death cob (Zot:2)
  Roxanne (Swamp:4)
  2 storm dragons
  The ghost of Voaplyeja the Bludgeoner, a journeyman AtBe of Trog (Swamp:3)
  2 emperor scorpions (Spider:4)
  A draconian monk (Zot:5)
  A frost giant (Depths:1)
  2 draconian knights
  2 draconian scorchers
  A deep elf elementalist (Elf:3)
  2 draconian shifters
  A draconian stormcaller (Zot:2)
  A broodmother (Spider:4)
  An ironbound preserver (Vaults:2)
  3 draconian annihilators
  2 stone giants
  4 very ugly things
  A bunyip (Swamp:4)
  3 green draconians
  2 purple draconians
  4 yellow draconians
  2 dire elephants (Vaults:1)
  An ettin (Depths:1)
  A fire dragon (Depths:3)
  A vault guard (Vaults:4)
  A hydra (Lair:2)
  An ice dragon (Depths:2)
  3 two-headed ogres
  An orc high priest (Orc:1)
  A deep troll shaman (Depths:4)
  A tengu warrior (Depths:1)
  2 deep troll earth magi
  9 dancing weapons
  A thrashing horror (Abyss:3)
  8 deep elf knights
  A storm dragon zombie (Zot:3)
  A hell knight (Depths:3)
  4 slime creatures
  2 iron trolls
  2 skeletal warriors (D:12)
  2 spriggan druids
  3 orb spiders
  A steelbarb worm (Spider:4)
  2 deep elf archers (Elf:3)
  10 deep trolls
  2 swamp dragons
  2 glowing orange brains
  2 ironbound convokers
  2 lindwurms
  A large abomination (Abyss:3)
  A manticore (Lair:5)
  5 deep elf pyromancers
  9 deep elf zephyrmancers
  3 wolf spiders
  6 ugly things
  5 moths of wrath
  A cyclops (D:12)
  An apocalypse crab (Zot:2)
  A titan simulacrum (Abyss:3)
  A demonic crawler (Spider:1)
  A hellion (Abyss:3)
  A cane toad (Lair:3)
  An efreet (Abyss:3)
  A freezing wraith (Vaults:5)
  5 yaktaurs
  A komodo dragon (Lair:1)
  A rime drake (Lair:5)
  A meliai (D:13)
  8 trolls
  2 hornets
  4 raiju
  3 tyrant leeches
  9 jumping spiders
  2 small abominations (Abyss:3)
  2 culicivoras
  A wraith (D:14)
  3 spriggans
  A water elemental (Elf:3)
  16 yaks
  A basilisk (Lair:4)
  A chaos spawn (Zot:5)
  3 vampire mosquitoes
  2 golden eyes
  A swamp worm simulacrum (Swamp:4)
  9 redbacks
  A warg (Orc:2)
  2 swamp worms
  An acid dragon (D:13)
  A hell hound (D:14)
  2 water moccasins
  A floating eye (Depths:3)
  8 hydra simulacra (Swamp:4)
  A swamp drake (Swamp:2)
  An orc warrior (Elf:1)
  13 ogres
  A wolf (shapeshifter) (Vaults:5)
  A centaur (D:14)
  3 bullfrogs (Lair:4)
  A scorpion (D:4)
  3 killer bees
  An electric eel (Lair:2)
  4 orc priests (Orc:2)
  8 orc wizards
  An adder (D:4)
  A gnoll (D:4)
  A white imp (Abyss:3)
  An ufetubus (D:6)
  3 swamp drake simulacra (Swamp:4)
  12 orcs
  A kobold (D:9)
  A rat (D:3)
  A butterfly (Lair:1)
  A fungus (Lair:5)
  A plant (Lair:5)
318 creatures vanquished.

Vanquished Creatures (others)
  A storm dragon (Zot:1)
  2 spectral draconians (Zot:5)
  5 spectral tentacled monstrosities
  A spectral storm dragon (Swamp:4)
  A draconian annihilator (Zot:5)
  3 green draconians
  2 black draconians (Zot:5)
  A spectral shadow dragon (Depths:4)
  A spectral human (Elf:3)
  A white draconian (Zot:5)
  An acid blob zombie (Slime:5)
  8 very ugly thing zombies
  4 quicksilver dragon zombies
  A spectral rakshasa (Swamp:4)
  A spectral emperor scorpion (Vaults:1)
  2 Orb Guardian zombies (Zot:5)
  4 spectral elves
  A spectral sixfirhy (Abyss:3)
  2 storm dragon zombies
  An emperor scorpion zombie (Spider:4)
  A golden dragon zombie (Zot:3)
  A spectral ogre (Swamp:2)
  3 spark wasp zombies
  A deep elf archer (Elf:1)
  A spriggan druid (Swamp:4)
  A wizard (Vaults:4)
  A starcursed mass (Abyss:3)
  A wolf spider zombie (Spider:3)
  3 ugly thing zombies
  A shadow dragon zombie (Zot:4)
  A draconian zombie (Zot:5)
  3 frost giant zombies
  A goliath frog zombie (Swamp:1)
  A fire giant zombie (Vaults:5)
  5 stone giant zombies
  A minotaur zombie (Depths:1)
  An unseen horror (Abyss:3)
  3 purple draconian zombies (Zot:3)
  3 green draconian zombies
  2 swamp worm zombies
  2 yellow draconian zombies
  An orb spider zombie (Spider:4)
  4 redback zombies
  3 white draconian zombies
  3 red draconian zombies
  3 bloated husks
  A hydra zombie (Swamp:1)
  A culicivora zombie (Spider:3)
  2 ettin zombies
  8 moth of wrath zombies
  3 great orb of eyes zombies
  24 human zombies
  2 meliai zombies (Spider:3)
  An ice dragon zombie (Swamp:4)
  3 spriggan zombies (Depths:3)
  A culicivora (Spider:4)
  6 jumping spider zombies
  7 slime creature zombies
  2 black mamba zombies
  A golden eye (Abyss:3)
  A spectral orange demon (Lair:2)
  A fire bat zombie (Gauntlet)
  6 two-headed ogre zombies
  11 deep troll zombies
  A cane toad zombie (Lair:3)
  A spectral efreet (Abyss:3)
  32 elf zombies
  An orc warrior (Elf:1)
  4 hornet zombies
  A kobold zombie (Lair:2)
  3 spectral golden eyes (Abyss:3)
  An elephant zombie (Lair:3)
  A lindwurm zombie (Lair:2)
  3 vampire mosquito zombies
  A spectral chaos spawn (Abyss:3)
  A spectral neqoxec (Abyss:3)
  4 apocalypse crab zombies (Zot:2)
  A spectral ynoxinul (Abyss:3)
  9 yaktaur zombies
  2 wyvern zombies
  A water moccasin zombie (Lair:5)
  A hell hound zombie (D:14)
  5 raiju zombies (Abyss:3)
  2 yak zombies (Lair:1)
  3 troll zombies
  A bullfrog zombie (Lair:2)
  A basilisk zombie (Lair:3)
  3 killer bee zombies
  A sky beast zombie (Abyss:3)
  11 ogre zombies
  2 hound zombies (D:5)
  A spectral electric eel (Lair:2)
  A spectral crimson imp (Abyss:3)
  35 orc zombies
  3 spectral white imps (Abyss:3)
  An orc (Elf:1)
  2 gnoll zombies
  2 ball lightnings (Swamp:2)
  2 demonic plants (Abyss:3)
  A fire vortex (Depths:4)
  39 foxfires
  43 fungi
  A lurking horror (Abyss:3)
  71 plants
  6 starspawn tentacles (Abyss:3)
  10 withered plants
490 creatures vanquished.

Grand Total: 2676 creatures vanquished

Notes
Turn   | Place    | Note
-------+----------+-------------------------------------------
     0 | D:1      | MrRokkomies the Armataur Gladiator began the quest for the
                  | Orb.
     0 | D:1      | Reached XP level 1. HP: 18/18 MP: 1/1
     1 | D:1      | Found a runed translucent door.
     2 | D:1      | Noticed a jelly
   102 | D:1      | Reached skill level 2 in Fighting
   230 | D:1      | Reached XP level 2. HP: 25/25 MP: 2/2
   301 | D:1      | Reached skill level 1 in Stealth
   312 | D:1      | Reached skill level 1 in Armour
   519 | D:1      | Reached XP level 3. HP: 32/32 MP: 3/3
   754 | D:1      | Reached XP level 4. HP: 38/39 MP: 4/4
   966 | D:2      | Found a faded altar of an unknown god.
  1065 | D:2      | Reached skill level 3 in Fighting
  1179 | D:2      | Identified a scroll of acquirement
  1179 | D:2      | Acquired the amulet of Liberty {rC+ Regen+ Dex+5}
  1630 | D:4      | Found a staircase to the Ecumenical Temple.
  1640 | Temple   | Entered the Ecumenical Temple
  1851 | Temple   | Became a worshipper of Yredelemnul the Dark
  1865 | D:4      | Found Abuodu Bist's Magic Scroll Boutique.
  1875 | D:4      | Bought a scroll of identify for 26 gold pieces
  1929 | D:4      | Reached XP level 5. HP: 48/48 MP: 5/5
  1993 | D:4      | Reached skill level 1 in Invocations
  2082 | D:4      | Reached * piety under Yredelemnul
  2276 | D:4      | Reached ** piety under Yredelemnul
  2491 | D:4      | Noticed a black bear
  2498 | D:4      | Killed a black bear
  2499 | D:4      | Reached XP level 6. HP: 49/55 MP: 7/7
  2768 | D:3      | Reached skill level 4 in Fighting
  2772 | D:3      | Found Peym's Magic Scroll Shop.
  2838 | D:3      | Reached XP level 7. HP: 60/63 MP: 8/8
  2881 | D:3      | Found Zachekk Ezic's Antique Armour Shop.
  2886 | D:3      | Bought a runed chain mail for 187 gold pieces
  2944 | D:3      | Found Juschipla's Weapon Shoppe.
  3138 | D:3      | Reached *** piety under Yredelemnul
  3319 | D:5      | Entered Level 5 of the Dungeon
  3492 | D:5      | Reached skill level 1 in Maces & Flails
  3544 | D:5      | Noticed a steam dragon
  3545 | D:5      | Noticed a steam dragon
  3559 | D:5      | Killed a steam dragon
  3561 | D:5      | Gained mutation: You have very sharp teeth. [potion of
                  | mutation]
  3561 | D:5      | Gained mutation: You are partially covered in iridescent
                  | scales. (AC +2) [potion of mutation]
  3561 | D:5      | Gained mutation: You are robust. (+10% HP) [potion of
                  | mutation]
  3561 | D:5      | Gained mutation: You are mostly covered in iridescent
                  | scales. (AC +4) [potion of mutation]
  3570 | D:5      | Killed a steam dragon
  3571 | D:5      | Reached skill level 5 in Fighting
  3582 | D:5      | Reached XP level 8. HP: 38/79 MP: 10/10
  4352 | D:6      | Reached skill level 5 in Armour
  4515 | D:6      | Reached skill level 6 in Fighting
  5165 | D:7      | Noticed a two-headed ogre
  5186 | D:7      | Killed a two-headed ogre
  5187 | D:7      | Reached XP level 9. HP: 79/91 MP: 12/12
  5323 | D:7      | Reached skill level 5 in Maces & Flails
  5512 | D:7      | Reached skill level 7 in Fighting
  5512 | D:7      | Reached skill level 5 in Invocations
  5562 | D:7      | Found a broken altar of Ashenzari.
  5564 | D:7      | Found a radiant altar of Vehumet.
  5564 | D:7      | Found a bloodstained altar of Trog.
  5565 | D:7      | Found a white marble altar of Elyvilon.
  5566 | D:7      | Found a burning altar of Makhleb.
  5566 | D:7      | Found an iron altar of Okawaru.
  5567 | D:7      | Found an ornate altar of the Wu Jian Council.
  5567 | D:7      | Found a shimmering altar of Xom.
  5567 | D:7      | Found a snail-covered altar of Cheibriados.
  5572 | D:7      | Found a hide-covered altar of Uskayaw.
  6284 | D:8      | Found a shimmering blue altar of Sif Muna.
  6472 | D:8      | Reached XP level 10. HP: 96/102 MP: 14/14
  6886 | D:9      | Reached skill level 8 in Fighting
  7082 | D:9      | Noticed Gastronok
  7097 | D:9      | Killed Gastronok
  7165 | D:9      | Noticed a two-headed ogre
  7175 | D:9      | Killed a two-headed ogre
  7176 | D:9      | Reached skill level 9 in Fighting
  7559 | D:10     | Entered Level 10 of the Dungeon
  7775 | D:10     | Found the +3 pair of mountain boots {steadfast, rC+}
  7945 | D:10     | Noticed a gargoyle
  7956 | D:10     | Killed a gargoyle
  7993 | D:10     | Noticed Snorg
  8017 | D:10     | Killed Snorg
  8018 | D:10     | Reached XP level 11. HP: 40/113 MP: 16/16
  8235 | D:11     | Noticed a two-headed ogre
  8390 | D:11     | Noticed a boulder beetle
  8408 | D:11     | Killed a boulder beetle
  8437 | D:11     | Noticed Fannar
  8466 | D:11     | Killed Fannar
  8584 | D:11     | Noticed a red ugly thing
  8604 | D:11     | Killed a red ugly thing
  8609 | D:11     | Reached skill level 10 in Fighting
  8620 | D:11     | Reached **** piety under Yredelemnul
  8624 | D:11     | Found a staircase to the Lair.
  8655 | D:11     | Killed a two-headed ogre
  8656 | D:11     | Reached ***** piety under Yredelemnul
  8698 | D:11     | Noticed a boulder beetle
  8712 | D:11     | Killed a boulder beetle
  8732 | D:11     | Got Xaseepn's Directory of Changing and Misery
  9116 | D:12     | Noticed a brown ugly thing
  9125 | D:12     | Killed a brown ugly thing
  9524 | D:12     | Found a staircase to the Orcish Mines.
  9524 | D:12     | Noticed a skeletal warrior
  9524 | D:12     | Noticed a skeletal warrior
  9524 | D:12     | Noticed a skeletal warrior
  9524 | D:12     | Noticed a skeletal warrior
  9549 | D:12     | Killed a skeletal warrior
  9550 | D:12     | Reached XP level 12. HP: 90/126 MP: 16/18
  9659 | Lair:1   | Entered Level 1 of the Lair of Beasts
  9708 | Lair:1   | Reached skill level 10 in Maces & Flails
  9710 | Lair:1   | Found a gate leading to a gauntlet.
  9719 | Gauntlet | Entered a Gauntlet
  9719 | Gauntlet | Found a transporter.
  9719 | Gauntlet | Found a transporter.
  9719 | Gauntlet | Found a transporter.
  9728 | Gauntlet | Found a transporter.
  9729 | Gauntlet | Found a transporter.
  9732 | Gauntlet | Found a transporter.
  9738 | Gauntlet | Found a transporter.
  9741 | Gauntlet | Found a transporter.
  9741 | Gauntlet | Found a transporter.
  9743 | Gauntlet | Found a transporter.
  9743 | Gauntlet | Noticed a green death
  9751 | Gauntlet | Found a transporter.
  9752 | Gauntlet | Found a transporter.
  9841 | Gauntlet | Found the +4 moon troll leather armour {Spirit, Regen++
                  | MP+5}
  9915 | Gauntlet | Reached skill level 11 in Fighting
  9924 | Gauntlet | Identified the amulet of the Healing Gods {RegenMP Int+4
                  | Stlth+}
  9983 | Gauntlet | Reached skill level 10 in Armour
 10085 | Gauntlet | Identified the ring "Tacrips" {*Slow rElec rPois Str+6}
 10134 | Gauntlet | Noticed a minotaur
 10156 | Gauntlet | HP: 6/128 [minotaur/bolt (15)]
 10165 | Gauntlet | Killed a minotaur
 10296 | Gauntlet | Got Wixkawud's Parchment of the Storm
 10563 | Lair:1   | Reached ****** piety under Yredelemnul
 10738 | Lair:1   | You fall into a shaft and drop 1 floor!
 10891 | Lair:2   | Noticed Amaemon
 10915 | Lair:2   | Killed Amaemon
 10962 | Lair:2   | Acquired the +3 barding of Muttered Phrases {+Blink Regen+}
 11093 | Lair:2   | Found a hole to the Spider Nest.
 11520 | Lair:2   | Noticed an eight-headed hydra
 11520 | Lair:2   | Noticed a seven-headed hydra
 11529 | Lair:2   | Killed an eight-headed hydra
 11530 | Lair:2   | Reached skill level 12 in Fighting
 11537 | Lair:2   | Killed a seven-headed hydra
 11538 | Lair:2   | Reached XP level 13. HP: 128/138 MP: 17/19
 11680 | Lair:2   | Noticed Sonja
 11683 | Lair:2   | Killed Sonja
 11687 | Lair:2   | Your ally Sonja died
 12544 | Lair:3   | Noticed Rupert
 12564 | Lair:3   | Killed Rupert
 12587 | Lair:3   | Identified the +2 pair of boots of Evolution {-Cast rElec
                  | rF+}
 12848 | Lair:3   | Found a staircase to the Swamp.
 13215 | Lair:3   | Reached skill level 5 in Dodging
 13229 | Lair:3   | Noticed a dire elephant
 13243 | Lair:3   | Killed a dire elephant
 13244 | Lair:3   | Reached skill level 13 in Fighting
 13255 | Lair:3   | Reached skill level 10 in Invocations
 13336 | Lair:3   | Identified the +5 battleaxe of the Eight Hells {vorpal,
                  | Str+4 SInv}
 13718 | Lair:4   | Found a staircase to the Slime Pits.
 13819 | Lair:4   | Learned a level 2 spell: Wereblood
 13822 | Lair:4   | Learned a level 2 spell: Poisonous Vapours
 13963 | Lair:4   | Found a transporter.
 13969 | Lair:4   | Found a transporter.
 13974 | Lair:4   | Found a bloodstained altar of Trog.
 13974 | Lair:4   | Noticed Buttudaq's ghost (journeyman DgTm)
 14017 | Lair:4   | Identified the +1 hand axe "Dutt" {venom, +Blink Fly rF++
                  | Will+}
 14034 | Lair:4   | Noticed Nessos
 14042 | Lair:4   | Killed Nessos
 14371 | Lair:5   | Entered Level 5 of the Lair of Beasts
 14712 | Lair:5   | Reached skill level 5 in Stealth
 14712 | Lair:5   | Reached XP level 14. HP: 150/150 MP: 21/21
 14777 | Lair:5   | Identified the ring of the Heavens {Fire Will+ Str-4 Dex+2
                  | Stlth+}
 14957 | Lair:5   | Reached skill level 14 in Fighting
 14957 | Lair:5   | Reached XP level 15. HP: 162/162 MP: 23/23
 14957 | Lair:5   | Reached XP level 16. HP: 171/171 MP: 24/24
 15611 | Orc:1    | Entered Level 1 of the Orcish Mines
 16113 | Orc:2    | Entered Level 2 of the Orcish Mines
 16337 | Orc:2    | Found a staircase to the Elven Halls.
 16338 | Orc:2    | Found Nubrir's Distillery.
 16375 | Orc:2    | Reached skill level 10 in Stealth
 16401 | Orc:2    | Found Ofimoraf's General Store.
 16530 | Orc:2    | Found Hibuw's Book Shoppe.
 16540 | Orc:2    | Found Wuemie's Antique Weapon Shop.
 16837 | Orc:2    | Upgraded the game from 0.30-a0-352-g1e81539c98 to
                  | 0.30-a0-355-g4c39ff33d3
 17080 | D:13     | Found a portal to a secret trove of treasure.
 17202 | D:13     | Identified the +5 ring mail "Hinulir" {rElec rC- Str+6
                  | Slay+5}
 17294 | D:13     | Reached skill level 15 in Fighting
 17336 | D:13     | Found an iron altar of Okawaru.
 17452 | D:13     | Found a gate to the Vaults.
 17455 | D:13     | Reached skill level 1 in Spellcasting
 17533 | D:14     | Noticed Josephine
 17541 | D:14     | Killed Josephine
 17778 | D:14     | Noticed Azrael
 17797 | D:14     | Killed Azrael
 17878 | D:14     | Found a blossoming altar of Fedhas.
 18212 | D:15     | Entered Level 15 of the Dungeon
 18225 | D:15     | Noticed Jorgrun
 18250 | D:15     | Killed Jorgrun
 18305 | D:15     | Found a staircase to the Depths.
 18348 | D:15     | Reached skill level 5 in Spellcasting
 18581 | D:15     | Reached XP level 17. HP: 163/182 MP: 26/26
 18653 | D:15     | Noticed Agnes
 18664 | D:15     | Killed Agnes
 19081 | Swamp:1  | Entered Level 1 of the Swamp
 19141 | Swamp:1  | Learned a level 2 spell: Momentum Strike
 21012 | Swamp:3  | Found a runed translucent door.
 21017 | Swamp:3  | Noticed Voaplyeja's ghost (journeyman AtBe)
 21018 | Swamp:3  | Identified the +4 trident of Destruction {protect, rC+
                  | Str+5 Int+4 Stlth+}
 21275 | Swamp:3  | Killed Voaplyeja's ghost
 21287 | Swamp:3  | Reached skill level 10 in Dodging
 21409 | Swamp:4  | Entered Level 4 of the Swamp
 21471 | Swamp:4  | Noticed Bai Suzhen
 21492 | Swamp:4  | Killed Bai Suzhen
 21492 | Swamp:4  | Enslaved Bai Suzhen
 21582 | Swamp:4  | Noticed Donald
 21594 | Swamp:4  | Killed Donald
 21687 | Swamp:4  | Noticed Roxanne
 21706 | Swamp:4  | Killed Roxanne
 21707 | Swamp:4  | Reached skill level 1 in Shields
 21742 | Swamp:4  | Noticed Mara
 21752 | Swamp:4  | Noticed MrRokkomies's illusion
 21753 | Swamp:4  | Killed Mara
 21981 | Swamp:4  | Your ally Bai Suzhen died
 21986 | Swamp:4  | Your ally Mara died
 22034 | Swamp:4  | Got a decaying rune of Zot
 22495 | D:3      | Bought a scroll of enchant armour for 97 gold pieces
 22495 | D:3      | Bought a scroll of brand weapon for 123 gold pieces
 22495 | D:3      | Bought a scroll of blinking for 97 gold pieces
 22648 | Spider:1 | Entered Level 1 of the Spider Nest
 22778 | Spider:1 | Found the +3 Elemental Staff {rElec rF++ rC++ AC+5}
 23199 | Spider:1 | Found a runed translucent door.
 23294 | Spider:1 | Reached XP level 18. HP: 179/190 MP: 0/31
 23512 | Spider:1 | Noticed Snarbu88's ghost (journeyman MiFi)
 23622 | Spider:2 | Reached skill level 5 in Shields
 25527 | Spider:4 | Entered Level 4 of the Spider Nest
 25533 | Spider:4 | Noticed Nikola
 25548 | Spider:4 | Killed Nikola
 25549 | Spider:4 | Reached skill level 10 in Spellcasting
 25554 | Spider:4 | Noticed Arachne
 25709 | Spider:3 | Killed Arachne
 26176 | Spider:4 | Found a transporter.
 26191 | Spider:4 | Found a transporter.
 26196 | Spider:4 | Noticed Adeche Beuh's ghost (journeyman DrCj)
 26364 | Spider:4 | Identified the +2 hat of Wrong Decisions {+Blink}
 26373 | Spider:4 | Got a gossamer rune of Zot
 26613 | Vaults:1 | Entered Level 1 of the Vaults
 26650 | Vaults:1 | Found a flickering gateway to a bazaar.
 26710 | Bazaar   | Entered a bazaar
 26716 | Bazaar   | Found Wiobicvasi's Jewellery Shop.
 26716 | Bazaar   | Found Noel's Book Boutique.
 27225 | Vaults:1 | Reached skill level 10 in Shields
 27978 | Vaults:2 | Reached XP level 19. HP: 64/198 MP: 27/33
 28116 | Vaults:2 | Reached skill level 15 in Invocations
 28188 | Vaults:2 | Found Cylac's Distillery.
 28673 | Vaults:2 | Found Dell's Antique Armour Boutique.
 28897 | Vaults:2 | Found a staircase to the Crypt.
 29154 | Vaults:3 | Found Deamnyes's Assorted Antiques.
 29214 | Vaults:3 | Bought a wand of acid (7) for 1205 gold pieces
 29214 | Vaults:3 | Bought a potion of heal wounds for 205 gold pieces
 29258 | Vaults:3 | Reached skill level 1 in Evocations
 29280 | Vaults:3 | Reached skill level 1 in Transmutations
 29405 | Vaults:3 | You fall into a shaft and drop 1 floor!
 30155 | Vaults:4 | Reached XP level 20. HP: 129/208 MP: 34/34
 30443 | Vaults:4 | Reached skill level 5 in Evocations
 30727 | Vaults:3 | Reached skill level 15 in Shields
 30831 | Vaults:3 | Identified the +0 scale mail "Put-Me-On" {Int+3 Slay+2}
 32133 | Elf:1    | Entered Level 1 of the Elven Halls
 32501 | Abyss:3  | Cast into level 3 of the Abyss (a deep elf sorcerer)
 32604 | Abyss:3  | Reached skill level 5 in Transmutations
 32810 | Elf:1    | Escaped the Abyss
 33296 | Elf:1    | Noticed Frances
 33307 | Elf:1    | Killed Frances
 33307 | Elf:1    | Enslaved Frances
 33533 | Elf:2    | Reached skill level 16 in Fighting
 33554 | Elf:2    | Reached XP level 21. HP: 203/219 MP: 35/35
 33561 | Elf:2    | Reached skill level 15 in Stealth
 33787 | Elf:2    | Found a huge runed translucent gate.
 33787 | Elf:2    | Found a huge runed translucent gate.
 33787 | Elf:2    | Found a huge runed translucent gate.
 33787 | Elf:2    | Found a huge runed translucent gate.
 33789 | Elf:2    | Found a huge runed translucent gate.
 34123 | Elf:2    | Reached skill level 10 in Evocations
 34462 | Elf:3    | Entered Level 3 of the Elven Halls
 34485 | Elf:3    | Acquired the +0 pair of gloves of the Hills {Str+4 Dex+4}
 34587 | Elf:3    | Identified the ring of Wuov {Fly Int+4}
 34870 | Elf:3    | Your ally Frances died
 35025 | Abyss:3  | Found a corrupted altar of Lugonu.
 35025 | Abyss:3  | Cast into level 3 of the Abyss (a deep elf demonologist)
 35243 | Abyss:3  | Gained mutation: Your spells are a little harder to cast,
                  | but a little more powerful. [a neqoxec]
 35441 | Abyss:3  | Paralysed by accursed screaming for 1 turns
 35446 | Elf:3    | Escaped the Abyss
 35580 | Elf:3    | Identified the ring of Mutualism {rC+ Will+ Int+8 Stlth-}
 35670 | Elf:3    | Got the Secrets of Grisly Transfiguration
 35687 | Abyss:3  | Cast into level 3 of the Abyss (a deep elf sorcerer)
 35702 | Abyss:3  | Noticed an ancient lich
 36043 | Abyss:3  | Paralysed by accursed screaming for 1 turns
 36097 | Abyss:3  | Noticed a profane servitor
 36111 | Abyss:3  | Killed a profane servitor
 36114 | Elf:3    | Escaped the Abyss
 36129 | Elf:3    | Reached XP level 22. HP: 122/231 MP: 36/36
 36296 | Elf:3    | Identified the +2 rapier "Qixik" {elec, rN+ Int+4 Dex+3
                  | Stlth-}
 36345 | Elf:3    | Got Goex's Teachings on Rocky Flames
 36863 | Depths:1 | Entered Level 1 of the Depths
 36870 | Depths:1 | Noticed Asterion
 36893 | Depths:1 | Killed Asterion
 36999 | Depths:1 | Found a runed translucent gate.
 36999 | Depths:1 | Found a runed translucent gate.
 37001 | Depths:1 | Found a runed translucent gate.
 37003 | Depths:1 | Noticed Leaxtu's ghost (adept DsGl)
 37003 | Depths:1 | Noticed Imefrou's ghost (journeyman MiFi)
 37136 | Depths:1 | Reached skill level 17 in Fighting
 37292 | Depths:1 | Your ally Asterion died
 37406 | Depths:1 | Found Uriy's Jewellery Emporium.
 37419 | Depths:1 | Bought the ring of Divine Intervention {rC+ rN+ Dex+3} for
                  | 806 gold pieces
 37923 | Depths:1 | Found a gateway to Hell.
 38343 | Depths:2 | Reached skill level 1 in Translocations
 38544 | Depths:2 | Identified the +1 plate armour of the Lumpy Spirits {rC+
                  | rN+}
 38739 | Depths:2 | Found a one-way gate leading to the halls of Pandemonium.
 38852 | Depths:2 | Found Voatann's Book Emporium.
 38853 | Depths:2 | Found Seyts's Jewellery Boutique.
 38855 | Depths:2 | Found Naelivoi's Book Emporium.
 38990 | Depths:2 | Bought a manual of Fighting for 960 gold pieces
 39198 | Depths:2 | Noticed a golden dragon
 39199 | Depths:2 | a golden dragon changed into a fire giant
 39226 | Depths:2 | Found the +2 Maxwell's thermic engine {flame, freeze}
 39231 | Depths:2 | Identified the +5 mace of the Morning {elec, rC+ Will-
                  | Int+8}
 39501 | Depths:3 | Noticed Mennas
 39554 | Depths:3 | Killed Mennas
 39572 | Depths:3 | Reached skill level 18 in Fighting
 39667 | Depths:3 | Found Gozag's Platinum Reserve.
 39695 | Depths:3 | Found an opulent altar of Gozag.
 39842 | Depths:3 | Found a one-way gate to the infinite horrors of the Abyss.
 40283 | Depths:4 | Entered Level 4 of the Depths
 40294 | Depths:4 | Identified the +7 spear "Ojoeruss" {speed, rElec rC- rN+++
                  | Str-3}
 40454 | Depths:4 | Reached XP level 23. HP: 169/222 MP: 37/37
 40548 | Depths:4 | Found a gate to the Realm of Zot.
 40693 | Depths:4 | Found a one-way gateway to a ziggurat.
 41175 | Depths:4 | Reached skill level 19 in Fighting
 41175 | Depths:4 | Reached skill level 5 in Translocations
 41654 | Spider:4 | Identified the +2 helmet "Arutetuk" {Will+ Int+2 Slay-3}
 41682 | Spider:4 | Killed Adeche Beuh's ghost
 41698 | Spider:4 | Identified the +5 dagger "Murmur" {holy, rF+ rN+ Dex-5}
 42046 | Crypt:1  | Entered Level 1 of the Crypt
 42087 | Crypt:1  | Noticed Margery
 42109 | Crypt:1  | Killed Margery
 42253 | Crypt:1  | Reached skill level 15 in Evocations
 42387 | Crypt:1  | Noticed Boris
 42402 | Crypt:1  | Killed Boris
 42493 | Crypt:1  | Noticed Xtahua
 42502 | Crypt:1  | Paralysed by Xtahua for 5 turns
 42515 | Crypt:1  | Killed Xtahua
 43027 | Crypt:2  | Acquired the ring "Luapnip" {Fly rPois rN++ Str+4 Dex+4}
 43170 | Crypt:2  | Reached skill level 1 in Conjurations
 43185 | Crypt:2  | Identified the +1 plate armour of Fyutul {*Slow rF- Int+2
                  | Dex+9}
 43261 | Crypt:2  | Found a runed translucent gate.
 43264 | Crypt:2  | Found a runed translucent gate.
 43265 | Crypt:2  | Found a runed translucent gate.
 43266 | Crypt:2  | Noticed Caitwiop's ghost (veteran GrFi)
 43416 | Crypt:2  | Reached skill level 20 in Fighting
 43738 | Crypt:2  | Found an iron altar of Okawaru.
 43738 | Crypt:2  | Found the +2 hat of the Bear Spirit {Spirit, *Rage Will++}
 43765 | Crypt:3  | Entered Level 3 of the Crypt
 43917 | Crypt:3  | Identified the +6 morningstar of the Three Ghosts {vorpal,
                  | Contam rElec MP+9 Int+7}
 44075 | Crypt:3  | Found the +7 great mace "Undeadhunter" {disrupt, rN+}
 44087 | Crypt:3  | Noticed an ancient lich
 44106 | Crypt:3  | Killed an ancient lich
 44646 | Crypt:3  | Found a staircase to the Tomb.
 44647 | Crypt:3  | Paralysed by a sphinx for 3 turns
 45013 | Crypt:3  | Noticed a dread lich
 45038 | Crypt:3  | Killed a dread lich
 45044 | Crypt:3  | Reached skill level 5 in Conjurations
 45072 | Crypt:3  | Got the Octavo of Dark Arts
 45073 | Crypt:3  | Identified the amulet "Faunn" {Spirit +Inv Will+++ rCorr
                  | Dex-4}
 45074 | Crypt:3  | Identified the amulet "Hujuthiz" {RegenMP Fragile +Blink
                  | rPois Will++}
 45075 | Crypt:3  | Identified the amulet of the Last Gods {Acrobat rC+ Str+4
                  | Int+4}
 45083 | Crypt:3  | Identified the +1 robe of Subjectivity {rN+ Int+4}
 45799 | Vaults:5 | Entered Level 5 of the Vaults
 45818 | Vaults:5 | Reached XP level 24. HP: 221/264 MP: 31/37
 45932 | Vaults:5 | Noticed Boris
 45955 | Vaults:5 | Killed Boris
 46010 | Vaults:5 | Got a silver rune of Zot
 46034 | Vaults:5 | Identified the +6 storm dragon scales of Life {rElec rPois
                  | Str+4 Dex-5}
 46038 | Vaults:5 | Identified the ring "Peupiuwa" {Fly Str+3}
 46044 | Vaults:5 | Reached skill level 21 in Fighting
 46173 | Vaults:5 | Reached skill level 5 in Staves
 46229 | Vaults:5 | Noticed a dread lich
 46258 | Vaults:5 | Killed a dread lich
 46699 | Vaults:5 | Noticed an ancient lich
 46908 | Vaults:5 | Got the Compilation of Unstable Hurting
 46946 | Vaults:5 | Identified the +3 scale mail of Eblosuija {Rampage *Corrode
                  | rPois rC-}
 47746 | Slime:1  | Entered Level 1 of the Pits of Slime
 47963 | Slime:5  | Entered Level 5 of the Pits of Slime
 48080 | Slime:4  | Gained mutation: You have hidden genetic defects. [a
                  | shining eye]
 48137 | Slime:5  | Noticed the Royal Jelly
 48176 | Slime:5  | Reached XP level 25. HP: 153/277 MP: 12/37
 48190 | Slime:5  | Killed the Royal Jelly
 48398 | Slime:4  | Reached skill level 22 in Fighting
 48612 | Slime:5  | Got a slimy rune of Zot
 48691 | Slime:5  | Got Faowk's Exposition on Sweltering Attendants
 48708 | Slime:5  | Identified the +3 war axe of Debt {flame, rC+++ Int+4
                  | Dex+2}
 49051 | Zot:1    | Entered Level 1 of the Realm of Zot
 49084 | Zot:1    | Gained mutation: You are dopey. (Int -2) [hidden defects]
 49199 | Zot:1    | Noticed an orb of fire
 49203 | Zot:1    | Noticed an orb of fire
 49205 | Zot:1    | Noticed a dread lich
 49241 | Zot:1    | Found a transporter.
 49243 | Zot:1    | Found a shimmering blue altar of Sif Muna.
 49247 | Zot:1    | Noticed an ancient lich
 49289 | Zot:1    | Noticed an orb of fire
 49296 | Zot:1    | Gained mutation: You are weak. (Str -2) [an orb of fire]
 49300 | Zot:1    | Gained mutation: Your magical capacity is low. (-10% MP)
                  | [an orb of fire]
 49551 | Zot:1    | Gained mutation: Your body sometimes deteriorates upon
                  | taking damage. [an orb of fire]
 49555 | Zot:1    | Gained mutation: You are clumsy. (Dex -2) [an orb of fire]
 49569 | Zot:1    | Lost mutation: You are robust. (+10% HP) [an orb of fire]
 49575 | Zot:1    | Gained mutation: You are frail. (-10% HP) [an orb of fire]
 49579 | Zot:1    | Gained mutation: You sometimes lose your temper in combat.
                  | [an orb of fire]
 49584 | Zot:1    | Killed an orb of fire
 49742 | Depths:1 | Lost mutation: You are clumsy. (Dex -2) [potion of
                  | mutation]
 49742 | Depths:1 | Lost mutation: You are frail. (-10% HP) [potion of
                  | mutation]
 49742 | Depths:1 | Lost mutation: You are mostly covered in iridescent scales.
                  | (AC +4) [potion of mutation]
 49742 | Depths:1 | Lost mutation: Your body sometimes deteriorates upon taking
                  | damage. [potion of mutation]
 49742 | Depths:1 | Lost mutation: You sometimes lose your temper in combat.
                  | [potion of mutation]
 49742 | Depths:1 | Gained mutation: You passively map a small area around you.
                  | [potion of mutation]
 49742 | Depths:1 | Gained mutation: Your spells are harder to cast, but more
                  | powerful. [potion of mutation]
 49742 | Depths:1 | Gained mutation: You have a pair of small horns on your
                  | head. [potion of mutation]
 49742 | Depths:1 | Gained mutation: You have sharp fingernails. [potion of
                  | mutation]
 50866 | Zot:2    | Gained mutation: You have terrible hidden genetic defects.
                  | [hidden defects]
 50866 | Zot:2    | Lost mutation: You have terrible hidden genetic defects.
                  | [hidden defects expressed]
 51010 | Zot:2    | Paralysed by you for 3 turns
 51139 | Zot:2    | Identified the +9 short sword of the Beginning {holy, rF+
                  | rC+}
 52253 | Zot:3    | Gained mutation: You sometimes lose your temper in combat.
                  | [hidden defects]
 52388 | Zot:3    | Lost mutation: You sometimes lose your temper in combat.
                  | [potion of mutation]
 52388 | Zot:3    | Lost mutation: You are weak. (Str -2) [potion of mutation]
 52388 | Zot:3    | Lost mutation: You have sharp fingernails. [potion of
                  | mutation]
 52388 | Zot:3    | Lost mutation: Your spells are harder to cast, but more
                  | powerful. [potion of mutation]
 52388 | Zot:3    | Lost mutation: You have hidden genetic defects. [potion of
                  | mutation]
 52388 | Zot:3    | Lost mutation: Your spells are a little harder to cast, but
                  | a little more powerful. [potion of mutation]
 52388 | Zot:3    | Lost mutation: You have a pair of small horns on your head.
                  | [potion of mutation]
 52388 | Zot:3    | Gained mutation: You are somewhat resistant to further
                  | mutation. [potion of mutation]
 52398 | Zot:3    | Reached skill level 23 in Fighting
 52521 | Zot:3    | Found a runed translucent door.
 52522 | Zot:3    | Noticed Gag Voupn's ghost (legendary FoFi)
 53165 | Zot:4    | Reached XP level 26. HP: 153/267 MP: 5/33
 53334 | Zot:4    | Upgraded the game from 0.30-a0-355-g4c39ff33d3 to
                  | 0.30-a0-358-g0d69a1922f
 54058 | Zot:5    | Entered Level 5 of the Realm of Zot
 54824 | Zot:5    | Noticed an ancient lich
 54834 | Zot:5    | Killed an ancient lich
 54991 | Zot:5    | Noticed an orb of fire
 54992 | Zot:5    | Gained mutation: You occasionally shout uncontrollably at
                  | your foes. [mutagenic glow]
 55007 | Zot:5    | Killed an orb of fire
 55015 | Zot:5    | Gained mutation: You frequently scream uncontrollably at
                  | your foes. [mutagenic glow]
 55016 | Zot:5    | Noticed an orb of fire
 55038 | Zot:5    | Gained mutation: Your magical capacity is very low. (-20%
                  | MP) [mutagenic glow]
 55190 | Zot:4    | Lost mutation: You are partially covered in iridescent
                  | scales. (AC +2) [potion of mutation]
 55190 | Zot:4    | Lost mutation: You are somewhat resistant to further
                  | mutation. [potion of mutation]
 55190 | Zot:4    | Lost mutation: You have very sharp teeth. [potion of
                  | mutation]
 55190 | Zot:4    | Lost mutation: You are dopey. (Int -2) [potion of mutation]
 55190 | Zot:4    | Gained mutation: You have a pair of small antennae on your
                  | head. [potion of mutation]
 55190 | Zot:4    | Gained mutation: You have large cloven feet. [potion of
                  | mutation]
 55190 | Zot:4    | Gained mutation: You have supernaturally acute eyesight.
                  | (SInv) [potion of mutation]
 55190 | Zot:4    | Lost mutation: You have supernaturally acute eyesight.
                  | (SInv) [potion of mutation]
 55190 | Zot:4    | Gained mutation: Your muscles are strong. (Str +4, Int/Dex
                  | -1) [potion of mutation]
 55191 | Zot:4    | Lost mutation: You have large cloven feet. [potion of
                  | mutation]
 55191 | Zot:4    | Lost mutation: Your muscles are strong. (Str +4, Int/Dex
                  | -1) [potion of mutation]
 55191 | Zot:4    | Lost mutation: You have a pair of small antennae on your
                  | head. [potion of mutation]
 55191 | Zot:4    | Lost mutation: Your magical capacity is very low. (-20% MP)
                  | [potion of mutation]
 55191 | Zot:4    | Gained mutation: Your natural rate of healing is unusually
                  | fast. [potion of mutation]
 55191 | Zot:4    | Gained mutation: You occasionally lose the ability to read
                  | scrolls when taking damage. [potion of mutation]
 55191 | Zot:4    | Lost mutation: You frequently scream uncontrollably at your
                  | foes. [potion of mutation]
 55191 | Zot:4    | Lost mutation: You occasionally shout uncontrollably at
                  | your foes. [potion of mutation]
 55191 | Zot:4    | Gained mutation: You are frail. (-10% HP) [potion of
                  | mutation]
 55191 | Zot:4    | Gained mutation: You have a somewhat thin skeletal
                  | structure. (Dex +2, Stealth+) [potion of mutation]
 55208 | Zot:4    | Lost mutation: Your magical capacity is low. (-10% MP)
                  | [potion of mutation]
 55208 | Zot:4    | Lost mutation: You occasionally lose the ability to read
                  | scrolls when taking damage. [potion of mutation]
 55208 | Zot:4    | Lost mutation: You passively map a small area around you.
                  | [potion of mutation]
 55208 | Zot:4    | Lost mutation: You have a somewhat thin skeletal structure.
                  | (Dex +2, Stealth+) [potion of mutation]
 55208 | Zot:4    | Gained mutation: You are very frail. (-20% HP) [potion of
                  | mutation]
 55208 | Zot:4    | Gained mutation: You have sharp fingernails. [potion of
                  | mutation]
 55222 | Zot:5    | Killed an orb of fire
 55292 | Zot:5    | Noticed an orb of fire
 55308 | Zot:5    | Killed an orb of fire
 56560 | Zot:5    | Noticed a dread lich
 56570 | Zot:5    | Killed a dread lich
 56578 | Zot:5    | Got the Orb of Zot
 57003 | D:12     | Noticed Zoybot the pandemonium lord
 57160 | D:$      | Escaped with the Orb!

Illustrated notes

Levels and vault maps discovered:
D:1:      dpeg_arrival_caged_fury, layout_loops_ring
D:2:      layout_loops_ring, ebering_ecumenical_altar_hall, st_stairs_10,
          kennysheep_generic_room_6
D:3:      layout_rooms, serial_shops, nicolae_shop_advertising_works
          [nicolae_subvault_shop_adworks], nicolae_shop_crystal,
          nicolae_shop_hallway_plus
D:4:      layout_loops_corners, minmay_temple_entry_arrows, serial_shops, shop
D:5:      kennysheep_steamy, layout_loops_cross, grunt_decor_cap
D:6:      lemuel_ice_spiral_2, layout_basic, serial_bayou_pond_e
D:7:      layout_loops_ring, nicolae_overflows_in_rows
D:8:      layout_basic, minivault_25, minmay_ruined_shrine
D:9:      layout_small_grid, uniq_gastronok
D:10:     layout_loops_ring, uniq_snorg
D:11:     layout_rooms, erik_lair_island, uniq_fannar
D:12:     layout_loops_ring, hiddenorc1_lemuel
D:13:     layout_roguey, david_vaults_1, enter_trove_2,
          okawaru_ov_weapons_minmay
D:14:     layout_roguey, chequers_serial_rivers_room_b, fedhas_altar_3,
          uniq_josephine, uniq_azrael
D:15:     gammafunk_depths_entry_grave, layout_irregular_city, serial_glass,
          glass_columns_a, glass_columns_c, glass_columns_a, glass_columns_b,
          glass_columns_a, glass_columns_c, glass_columns_b, glass_columns_c,
          nicolae_kite_square_tiling_tiny, uniq_jorgrun, uniq_agnes
Temple:   hc_temple_tempest_star
Lair:1:   layout_concentric_octagons, gauntlet_entry_generic,
          chequers_serial_rivers_room_b, lemuel_fruit_fields
Lair:2:   layout_long_grid, dummy_spider_entry, serial_bayou,
          serial_bayou_crossing, serial_bayou_lake_a, serial_bayou_shore_a,
          serial_bayou_pond_c, serial_bayou_pond_d, serial_bayou_shore_b,
          minmay_shattered_shrine, uniq_amaemon, uniq_sonja
Lair:3:   nzn_winding_woodlands_cross [nzn_winding_woodlands_5x15_pool,
          nzn_winding_woodlands_5x15_sawtooth,
          nzn_winding_woodlands_5x15_jagged, nzn_winding_woodlands_5x15_parted,
          nzn_winding_woodlands_15x15_thick_spiral], layout_gridlike,
          minmay_swamp_entry_swarm, uniq_rupert
Lair:4:   layout_gridlike, slime_entry_1, gammafunk_ghost_wrathful_warriors,
          infiniplex_staircase_pool_2, grunt_megastairs_3, uniq_nessos
Lair:5:   hangedman_lair_in_review, layout_misc_corridors,
          chequers_serial_rivers_marsh
Swamp:1:  layout_falls_marsh, nicolae_swamp_ascending_descending
Swamp:2:  layout_basic_swamp, nicolae_swamp_very_dense_foliage, swamp_pool1,
          nicolae_swamp_orc_logging_accident, hangedman_swamp_phenomena,
          infiniplex_staircase_pool
Swamp:3:  layout_basic_swamp, ebering_ghost_funeral_grove,
          evilmike_swamp_ruin_rubble_1, swamp_pool2
Swamp:4:  swamp_icy, layout_basic_swamp, nicolae_swamp_bean_lake, uniq_roxanne,
          uniq_bai_suzhen, uniq_donald, uniq_mara
Spider:1: layout_spider_delve, gammafunk_ghost_grave
Spider:2: layout_spider_delve
Spider:3: layout_spider_delve, drop_trap, nicolae_spider_wall_of_niches
Spider:4: grunt_spider_rune_circles, gammafunk_ghost_berserking_beasts,
          uniq_arachne, uniq_nikola
Slime:1:  cheibrodos_slime_lost_civilization_9, layout_caves,
          amcnicky_altar_lugonu_corruption
Slime:2:  layout_caves
Slime:3:  layout_caves
Slime:4:  layout_caves
Slime:5
Orc:1:    layout_caves
Orc:2:    st_orc_open, layout_diamond_mine
Elf:1:    layout_gridlike, hangedman_elf_represent, grunt_ministairs_3,
          nicolae_elf_martial_mastery, grunt_megastairs_4, uniq_frances
Elf:2:    elven_hall_of_blades_hangedman_alternative
          [nicolae_blade_entry_floor_patterns], layout_loops_cross,
          palyth_stone_intersect, minivault_20
Elf:3:    minmay_elf_hall_spiked, layout_loops_cross
Vaults:1: hangedman_vaults_stretched_pinwheel, nicolae_vaults_little_squares_4,
          vaults_mumra_hex, nicolae_vaults_rhombus_6, vaults_room_grid,
          ontoclasm_vaults_loading_screen, vaults_mumra_hexcomb,
          ontoclasm_vaults_loading_screen, layout_vaults_omnigrid, serial_shops,
          bzr_entry_islet
Vaults:2: ontoclasm_vaults_shuriken, ontoclasm_vaults_gallery, v_rooms_1,
          hangedman_vaults_capsules, grunt_vaults_funnel,
          hangedman_vaults_locks, v_pattern_1, v_misc_23,
          vaults_room_grunt_arrival_checkpoint, layout_vaults_omnicross,
          dummy_crypt_entry, serial_shops, shop, nicolae_shop_trees
Vaults:3: v_misc_14, nicolae_vaults_network_periphery, v_misc_17,
          ontoclasm_vaults_water_temple, v_misc_14,
          nicolae_vaults_little_squares_6, vaults_dpeg_hooks,
          layout_vaults_chaotic_city, serial_shops, nicolae_shop_trees
Vaults:4: ontoclasm_vaults_chip, grunt_vaults_focal, ontoclasm_vaults_fault,
          v_misc_27, vaults_mumra_minichess, vaults_room_door_hall,
          vaults_dpeg_spiral, hangedman_vaults_stitches, ontoclasm_vaults_pinch,
          hangedman_vaults_cutoff, hangedman_vaults_stretched_pinwheel,
          grunt_vaults_hallway_long, vaults_dpeg_doors,
          layout_vaults_maze_snakey
Vaults:5
Crypt:1:  layout_misc_corridors, grunt_megastairs_5, lemuel_upstairs_altar,
          grunt_crypt_arrival_webbed, uniq_xtahua, uniq_margery, uniq_boris
Crypt:2:  layout_chaotic_city, gammafunk_ghost_fury_of_okawaru, minivault_26
Crypt:3:  david_glass_crypt, layout_gridlike, tomb_entry_simple_bobbens,
          roderic_lattice_octagonal_star
Depths:1: layout_basic, gammafunk_ghost_cemetery, grunt_hell_entry_dis_old,
          serial_rivers, chequers_serial_rivers_micro_c,
          chequers_serial_rivers_micro_a, chequers_serial_rivers_micro_c,
          chequers_serial_rivers_small_3, chequers_serial_rivers_small_b,
          serial_shops, kennysheep_little_box, st_stairs_7, grunt_potential,
          uniq_asterion
Depths:2: minmay_broken_ring, layout_cave_pools, rand_demon_pan_entry_1,
          nicolae_figureground_pulse, hell_entry, minmay_shop_grove,
          infiniplex_staircase_zigzag_2
Depths:3: hangedman_cross_veins, layout_honeycomb, abyss_entry,
          nicolae_gozag_zags_fifth_avenue, hell_entry,
          brannock_guarded_unrand_thermic_engine, serial_bayou_shore_b,
          uniq_mennas, uniq_parghit, uniq_vv
Depths:4: evilmike_zot_entry_basic, layout_basic, enter_ziggurat_a, hell_entry,
          serial_aquarium, aquarium_bridge_island_small
          [aquarium_subvault_small_water, aquarium_subvault_wall,
          aquarium_subvault_balcony, aquarium_subvault_bridge,
          aquarium_subvault_window], aquarium_bridge_square
          [aquarium_subvault_window, aquarium_subvault_bridge,
          aquarium_subvault_bridge, aquarium_subvault_bridge],
          aquarium_window_corridor_3, aquarium_window_1, aquarium_window_1,
          aquarium_window_1, aquarium_view_2e, aquarium_view_2d,
          aquarium_balcony_3b
Zot:1:    gammafunk_sealed_library, layout_basic, st_stairs_11
Zot:2:    gammafunk_mikee_crab_dinner, layout_cathedral_of_symmetry,
          grunt_ministairs_8, lemuel_elevator
Zot:3:    layout_gridlike, ebering_ghost_inner_flame
Zot:4:    layout_gridlike
Zot:5:    layout_onion, grunt_ministairs_11

Skill      XL: |  1  2  3  4  5  6  7  8  9 10 11 12 13 14 15 16 17 18 19 20 21 22 23 24 25 26 |
---------------+-------------------------------------------------------------------------------+-----
Fighting       | 2 3 4 5 6 7 9 10 12 13 14 15 16 18 20 21 23 | 23.8
Stealth        | 1 2 3 5 8 10 11 14 17 19 | 19.0
Armour         | 1 2 3 4 5 6 8 9 10 13 | 13.5
Invocations    | 2 3 4 5 6 8 9 10 11 12 13 14 15 16 17 18 | 18.1
Dodging        | 3 4 5 6 8 10 12 13 14 | 14.5
Maces & Flails | 2 4 6 8 9 11 | 11.8
Spellcasting   | 5 9 10 | 10.0
Shields        | 4 10 14 15 17 18 20 | 20.0
Evocations     | 4 9 12 14 15 | 15.0
Transmutations | 2 5 8 |  8.7
Translocations | 4 6 |  6.0
Conjurations   | 5 |  5.1
Staves         | 3 8 9 |  9.4
Throwing       | |  1.7

Action                   |  1- 3 |  4- 6 |  7- 9 | 10-12 | 13-15 | 16-18 | 19-21 | 22-24 | 25-27 || total
-------------------------+-------+-------+-------+-------+-------+-------+-------+-------+-------++-------
Melee: Quarterstaff      |    79 |   149 |    16 |       |       |       |       |       |       ||   244
       Tailslap          |     8 |    14 |    66 |   132 |    72 |   295 |   368 |   530 |   299 ||  1784
       Whip              |       |       |   346 |   568 |       |       |       |       |       ||   914
       Punch             |       |       |    10 |     8 |     3 |    10 |       |       |       ||    31
       Bite              |       |       |    42 |    90 |    47 |   218 |   265 |   353 |   158 ||  1173
       Demon whip        |       |       |       |    33 |   286 |  1264 |  1512 |  1788 |   292 ||  5175
       Staff             |       |       |       |       |       |       |       |   138 |   655 ||   793
       Headbutt          |       |       |       |       |       |       |       |       |   100 ||   100
Throw: Javelin           |     4 |       |       |       |       |       |       |       |       ||     4
       Throwing net      |     1 |       |     3 |     4 |       |       |       |       |       ||     8
       Dart              |       |     3 |     5 |    26 |     3 |    14 |     9 |    21 |    30 ||   111
 Cast: Wereblood         |       |       |       |       |       |       |       |     1 |       ||     1
Invok: Recall Undead Har |       |       |       |     3 |     3 |     9 |     5 |     7 |     6 ||    33
       Dark Bargain      |       |       |       |     4 |       |     1 |       |       |     2 ||     7
       Bind Soul         |       |       |       |       |     1 |     3 |     4 |     3 |     2 ||    13
       Drain Life        |       |       |       |       |       |     2 |     4 |     3 |     2 ||    11
 Abil: Evoke Blink       |       |       |       |     1 |       |       |       |     2 |     1 ||     4
       Evoke Invisibilit |       |       |       |       |       |       |       |     1 |       ||     1
Evoke: Wand              |       |       |       |     9 |     1 |     2 |       |     4 |     6 ||    22
       Condenser vane    |       |       |       |       |       |     2 |     3 |     4 |     3 ||    12
       Phantom mirror    |       |       |       |       |       |       |       |     2 |       ||     2
  Use: Scroll            |     2 |     7 |    11 |     5 |     7 |     6 |     5 |    25 |    13 ||    81
       Potion            |       |       |     2 |     3 |     2 |     7 |     4 |    13 |    19 ||    50
 Stab: Sleeping          |       |     8 |       |     2 |     6 |    33 |    16 |    30 |    16 ||   111
       Distracted        |       |     2 |       |     7 |     2 |    18 |    17 |    20 |    22 ||    88
       Held in net/web   |       |       |     1 |     1 |       |       |       |       |       ||     2
       Paralysed         |       |       |       |    12 |     3 |     2 |       |       |       ||    17
       Confused          |       |       |       |       |       |     1 |       |       |       ||     1
       Petrifying        |       |       |       |       |       |       |       |       |     2 ||     2
Armor: Leather armour    |    40 |    96 |       |       |       |       |       |       |       ||   136
       Chain mail        |       |       |   251 |   294 |       |       |       |       |       ||   545
       Troll leather arm |       |       |       |    58 |   158 |    92 |       |       |       ||   308
       Ring mail         |       |       |       |       |       |   618 |   558 |   517 |   256 ||  1949
Dodge: Dodged            |    45 |    98 |   112 |   191 |    82 |   449 |   465 |   510 |   177 ||  2129
Block: Kite shield       |       |       |       |       |       |   297 |   656 |   162 |       ||  1115
       Tower shield      |       |       |       |       |       |       |       |  1234 |   736 ||  1970

Table legend: (Time is in decaauts)
 A = Elapsed time spent in this place.
 B = Non-inter-level travel time spent in this place.
 C = Inter-level travel time spent in this place.
 D = Time resting spent in this place.
 E = Time spent auto-exploring this place.
 F = Levels seen in this place.
 G = Mean time per level.
                   A        B        C        D        E       F      G
               +--------+--------+--------+--------+--------+-----+--------+
         Total |  55028 |  49382 |   5646 |   4854 |  32822 |  61 |  902.1 |
       Dungeon |  12734 |  10904 |   1830 |    261 |   8496 |  15 |  848.9 |
        Temple |    223 |    211 |     12 |      0 |    176 |   1 |  223.0 |
          Lair |   5597 |   4788 |    809 |      0 |   4120 |   5 | 1119.4 |
         Swamp |   3348 |   3136 |    212 |    337 |   2091 |   4 |  837.0 |
   Spider Nest |   4142 |   3585 |    557 |    259 |   2567 |   4 | 1035.5 |
    Slime Pits |    933 |    889 |     44 |    340 |      0 |   5 |  186.6 |
  Orcish Mines |   1202 |   1100 |    102 |     34 |    850 |   2 |  601.0 |
   Elven Halls |   3271 |   3102 |    169 |    196 |   2013 |   3 | 1090.3 |
        Vaults |   7040 |   6285 |    755 |    429 |   4376 |   5 | 1408.0 |
         Crypt |   2967 |   2763 |    204 |    293 |   1710 |   3 |  989.0 |
        Depths |   4749 |   4167 |    582 |    343 |   2855 |   4 | 1187.2 |
           Zot |   7196 |   6830 |    366 |   2203 |   2978 |   5 | 1439.2 |
         Abyss |   1012 |   1012 |      0 |     59 |    312 |   3 |  337.3 |
        Bazaar |     25 |     25 |      0 |      0 |      0 |   1 |   25.0 |
      Gauntlet |    583 |    583 |      0 |     99 |    275 |   1 |  583.0 |
               +--------+--------+--------+--------+--------+-----+--------+

Top non-repeatable levels by time:
   Zot:5: 2307 daAuts
   Zot:2: 1692 daAuts
Vaults:3: 1631 daAuts
  Lair:2: 1613 daAuts
Depths:1: 1501 daAuts
Vaults:5: 1467 daAuts
Vaults:1: 1430 daAuts
Spider:3: 1426 daAuts
Vaults:2: 1360 daAuts
 Crypt:3: 1282 daAuts
   Zot:4: 1269 daAuts
   Elf:3: 1254 daAuts
Depths:2: 1212 daAuts
Vaults:4: 1150 daAuts
 Swamp:2: 1149 daAuts
